 Dungeon Crawl Stone Soup version 0.23.2-1-ga50397a6bc (webtiles) character file.

Game seed: 15764570913430854577

7 GreaterElenko the Chopper (level 1, 0/16 HPs)
             Began as a Mummy Gladiator on Apr 15, 2019.
             Slain by a leopard gecko (2 damage)
             ... on level 1 of the Dungeon.
             The game lasted 00:00:49 (259 turns).

GreaterElenko the Chopper (Mummy Gladiator)          Turns: 259, Time: 00:00:50

Health: 0/16       AC:  4    Str: 17    XL:     1   Next: 91%
Magic:  1/1        EV: 12    Int:  7    God:
Gold:   16         SH:  0    Dex: 13    Spells: 0/0 levels left

rFire    x . .     SeeInvis .   a - +0 war axe
rCold    + . .     Gourm    .   (no shield)
rNeg     + + +     Faith    .   b - +0 leather armour
rPois    ∞         Spirit   .   c - +0 helmet
rElec    .         Reflect  .   (no cloak)
rCorr    .         Harm     .   (no gloves)
MR       .....                  (no boots)
Stlth    +.........             (no amulet)
HPRegen  0.05/turn              (no ring)
MPRegen  0.07/turn              (no ring)

@: no status effects
A: no food or potions, fire vulnerability, cold resistance 1, negative energy
resistance 3, torment resistance, unbreathing
a: no special abilities


You were on level 1 of the Dungeon.
You were not hungry.

You visited 1 branch of the dungeon, and saw 1 of its levels.

You collected 16 gold pieces.

Inventory:

Hand Weapons
 a - a +0 war axe (weapon)
Missiles
 d - 3 throwing nets (quivered) {!f}
Armour
 b - a +0 leather armour (worn)
 c - a +0 helmet (worn)


   Skills:
 + Level 2.2 Fighting
 * Level 2.7 Axes
 - Level 1.5 Throwing
 - Level 2.4 Dodging


You couldn't memorise any spells.
You didn't know any spells.
Your spell library was empty.

Dungeon Overview and Level Annotations

Branches:
Dungeon (1/15)

Altars:


Innate Abilities, Weirdness & Mutations

You do not eat or drink.
Your flesh is vulnerable to fire.
You are immune to poison.
Your flesh is cold resistant. (rC+)
You are immune to negative energy. (rN+++)
You are immune to unholy pain and torment.
You can survive without breathing.


Message History

The kobold hits you with a +3 short sword!
* * * LOW HITPOINT WARNING * * *
You barely miss the kobold.
A goblin comes into view. It is wielding a +0 dagger.
The kobold misses you.
The kobold hits you with a +3 short sword.
* * * LOW HITPOINT WARNING * * *
You see here a stone.
Things that are here:
a stone; 11 gold pieces A frilled lizard comes into view.
You closely miss the goblin. The goblin hits you but does no damage.
The kobold hits you but does no damage. The goblin misses you.
The frilled lizard bites you.
* * * LOW HITPOINT WARNING * * *
A kobold comes into view. It is wielding a +0 dagger.
The frilled lizard closely misses you. The frilled lizard closely misses you.
A bat comes into view.
The frilled lizard unfolds its giant frill.
The frilled lizard unfolds its giant frill.
A leopard gecko comes into view.
The leopard gecko hisses angrily.
Things that are here:
a stone; 11 gold pieces You see here a stone.
Things that are here:
a stone; 11 gold pieces You slash the kobold!
You kill the kobold!
You hit the goblin.
You kill the goblin!
Things that are here:
a +3 short sword; a stone You barely miss the leopard gecko.
The leopard gecko bites you.
* * * LOW HITPOINT WARNING * * *
The leopard gecko closely misses you.
You closely miss the leopard gecko. The leopard gecko barely misses you.
The leopard gecko closely misses you.
You closely miss the leopard gecko. The leopard gecko bites you.
* * * LOW HITPOINT WARNING * * *
You barely miss the leopard gecko. The leopard gecko barely misses you.
The leopard gecko closely misses you.
You barely miss the leopard gecko. You slash the kobold!
You kill the kobold!
You miss the leopard gecko. The leopard gecko misses you.
The leopard gecko bites you.
You die...

#......# #......# ........#
##......# #.#.....#
........# #.#.....# #...K..#
#.#.....# ###.#..# # #.#
....# #### #.##.#####.#..
...# ...
#K##.....#.#.####..##.###
#.###.##.#..l@..........#
#K#......###l#####....#.#.#.
#.#.#.......().# #..÷.......
#l#.##.#####.#.# ##...###...
#.#.......##.#.###......#...
#.####..#.#....K............
#.#####.#K#..###......⌠..###
.###.......#.#..#
#.........#
................#
#..∩.<....#


You could see a leopard gecko and a frilled lizard.

Vanquished Creatures
  A leopard gecko (D:1)
  A goblin (D:1)
  A hobgoblin (D:1)
  3 kobolds (D:1)
6 creatures vanquished.

Notes
Turn   | Place    | Note
-------+----------+-------------------------------------------
     0 | D:1      | GreaterElenko the Mummy Gladiator began the quest for the
                  | Orb.
     0 | D:1      | Reached XP level 1. HP: 16/16 MP: 1/1
   259 | D:1      | Slain by a leopard gecko

Action                   || total
-------------------------++-------
Melee: War axe           ||    24
Armor: Leather armour    ||     4
Dodge: Dodged            ||    24
